cohdb
Replays
Latest Replays
All Replays
Popular Replays
Top Player Replays
Match Explorer
How It Works
Community
CoH3 Stats
Reddit
Sign in to upload your games and track your stats! →
Sign in with Steam
Match 45993525
Unlisted
Match 45993525
Overview
Messages
Build Orders
End
Scout Squad
Construct Weapon Support Center
M1919 Machine Gun Team
M1919 Machine Gun Team
Engineer Squad
Air Support Center
Bazooka Squad
Grasshopper Recon Run
M3 Armored Personnel Carrier
Selects Advanced Infantry Battlegroup
Selects Artillery Observers
M3 Armored Personnel Carrier
Grasshopper Recon Run
M1919 Machine Gun Team
P-47 Strafing Run
Artillery Observer Squad
Grasshopper Recon Run
Grasshopper Recon Run
Selects M2A1 105mm Howitzer Emplacement
P-47 Strafing Run
Construct Tank Depot
Grasshopper Recon Run
M4(105) Sherman Bulldozer
Selects Convert to Ranger Squad
Selects Frontline Medical Station
Selects Infantry Assault
Infantry Assault
Grasshopper Recon Run
M18 Hellcat Tank Destroyer
Grasshopper Recon Run
Infantry Assault
M18 Hellcat Tank Destroyer
P-47 Strafing Run
Grasshopper Recon Run
Air Supply
Infantry Assault
M18 Hellcat Tank Destroyer
Grasshopper Recon Run
糕团团
天天关注喵
Ra11
HulkSMASH
0
0
Comments
sign in to comment!
No comments posted yet!